 Dungeon Crawl Stone Soup version 0.30.0-30-g96aa6591b8 (webtiles) character file.

Game seed: 18423084397356492046

399 Pepete the Shield-Bearer (level 7, -2/1 (55) HPs)
             Began as a Formicid Fighter on June 29, 2023.
             Shot with an arrow by a centaur (3 damage)
             ... on level 6 of the Dungeon.
             The game lasted 00:07:30 (3921 turns).

Pepete the Shield-Bearer (Formicid Fighter)         Turns: 3921, Time: 00:07:31

HP:   -2/1 (55)     AC: 12    Str: 22      XL:     7   Next: 10%
MP:   7/7           EV:  8    Int:  8      God:
Gold: 110           SH:  5    Dex: 12 (13) Spells: 6/6 levels left

rFire   . . .        a - +0 war axe
rCold   . . .        c - +0 buckler
rNeg    . . .        h - +0 chain mail
rPois   .            (helmet unavailable)
rElec   .            m - +1 cloak
rCorr   .            (no gloves)
SInv    +            (no boots)
Will    .....        (no amulet) Stlth
                     (no ring)
HPRegen 0.20/turn    (no ring)
MPRegen 0.10/turn

%: clarity
@: extremely drained
A: permanent stasis, dig shafts and tunnels, antennae 3, four strong arms,
clarity, evolution 1
a: Dig, Shaft Self


You were on level 6 of the Dungeon.
You visited 1 branch of the dungeon, and saw 6 of its levels.

You collected 110 gold pieces.

Inventory:

Hand Weapons
 a - a +0 war axe (weapon)
Missiles
 b - a throwing net
Armour
 c - a +0 buckler (worn)
 h - a +0 chain mail (worn)
 m - a +1 cloak (worn)
Jewellery
 j - a +5 ring of evasion
Scrolls
 f - a scroll of noise {unknown}
 g - 4 scrolls of identify
 k - a scroll of blinking
 n - a scroll of teleportation {unknown}
Potions
 d - a potion of curing


   Skills:
 * Level 4.7 Fighting
 * Level 4.4 Axes
 * Level 5.0 Armour
 + Level 0.8 Dodging
 * Level 5.2 Shields


You had 6 spell levels left.
You didn't know any spells.
Your spell library contained the following spells:

 Spells                   Type           Power      Damage    Failure   Level
 Foxfire                  Conj/Fire      0%         2x1d4     97%         1
 Summon Small Mammal      Summ           0%         N/A       97%         1
 Call Canine Familiar     Summ           0%         N/A       100%        3
 Summon Guardian Golem    Hex/Summ       0%         N/A       100%        3
 Fireball                 Conj/Fire      0%         3d3       100%        5
 Plasma Beam              Fire/Air       0%         2x1d11    100%        6
 Starburst                Conj/Fire      0%         6d3       100%        6


Dungeon Overview and Level Annotations

Branches:
Dungeon (7/15)
 Temple: D:4-7

Altars:


Innate Abilities, Weirdness & Mutations

You cannot be hasted, slowed, berserked, paralysed or teleported.
You can dig through walls and to a lower floor.
You have a pair of large antennae on your head. (SInv)
Your four strong arms can wield two-handed weapons with a shield.
You possess an exceptional clarity of mind.
You have hidden genetic potential.


Message History

You dig through the rock wall.
You feel drained.
You dig through the rock wall.
You feel drained.
You dig through the rock wall.
You feel drained.
You dig through the rock wall.
You feel drained.
You dig through the rock wall.
You feel drained.
You dig through the rock wall.
You feel drained.
You dig through the rock wall.
You feel drained.
You dig through the rock wall.
You feel drained.
You dig through the rock wall.
You feel drained.
You retract your mandibles.
You extend your mandibles.
You dig through the rock wall.
You feel drained.
You dig through the rock wall.
You feel drained.
You dig through the rock wall.
You feel drained.
You dig through the rock wall.
You feel drained.
You retract your mandibles.
A bullfrog comes into view.
You extend your mandibles.
You dig through the rock wall.
You feel drained.
You dig through the rock wall.
You feel drained.
You dig through the rock wall.
You feel drained.
You dig through the rock wall.
You feel drained.
You retract your mandibles.
Found a short sword.
Found a stone staircase leading up.
There is a stone staircase leading up here.
You climb upwards.
Found 13 gold pieces and 2 potions of mutation.
There is a stone staircase leading down here.
An adder comes into view.
Found 13 gold pieces.
The adder hisses angrily.
The adder closely misses you.
A centaur comes into view.
The adder closely misses you. The adder bites you but does no damage.
The centaur shouts!
The adder bites you but does no damage.
The centaur wields a +0 shortbow.
The centaur shoots an arrow.
The arrow hits you.
Ouch! That really hurt!
You die...

##..^###. ..!.....
....... ...... ##
#...#
##.#######.c.####+
#.................
#$...S....>.......
#...@.............
#.................
#.................
#.................
##..##.###########
.... #.# .#... ...
#... ....


You could see a centaur and an adder.

Vanquished Creatures
  An orc warrior (D:7)
  A centaur (D:3)
  An orc priest (D:7)
  Robin (D:2)
  8 adders
  4 gnolls (D:2)
  2 worms
  3 dart slugs
  An orc (D:7)
  9 ball pythons
  4 bats
  3 endoplasms
  9 hobgoblins
  3 kobolds
  2 quokkas
  2 frilled lizards (D:1)
  13 goblins
  4 rats
71 creatures vanquished.

Notes
Turn   | Place    | Note
-------+----------+-------------------------------------------
     0 | D:1      | Pepete the Formicid Fighter began the quest for the Orb.
     0 | D:1      | Reached XP level 1. HP: 18/18 MP: 1/1
   145 | D:1      | Reached XP level 2. HP: 20/24 MP: 2/2
   543 | D:1      | Reached XP level 3. HP: 29/29 MP: 3/3
   847 | D:2      | Reached XP level 4. HP: 37/37 MP: 4/4
  1033 | D:2      | HP: 1/37 [gnoll/+0 flail (2)]
  1035 | D:2      | Reached XP level 5. HP: 1/42 MP: 5/5
  1907 | D:2      | Noticed Robin
  1919 | D:2      | Killed Robin
  2948 | D:3      | Noticed a centaur
  2959 | D:3      | Killed a centaur
  2960 | D:3      | Reached skill level 5 in Shields
  2960 | D:3      | Reached XP level 6. HP: 30/49 MP: 6/6
  3488 | D:4      | You fall into a shaft and drop 3 floors!
  3492 | D:7      | Noticed an orc warrior
  3507 | D:7      | HP: 1/49 [orc warrior/+0 war axe (16)]
  3511 | D:7      | Gained mutation: You possess an exceptional clarity of
                  | mind. [potion of mutation]
  3511 | D:7      | Gained mutation: You have hidden genetic potential. [potion
                  | of mutation]
  3545 | D:7      | Killed an orc warrior
  3546 | D:7      | Reached XP level 7. HP: 33/55 MP: 7/7
  3557 | D:7      | Reached skill level 5 in Armour
  3921 | D:6      | Shot with an arrow by a centaur

Illustrated notes

Levels and vault maps discovered:
D:1:      matt_arrival_refuge, layout_rooms
D:2:      layout_loops_ring, kennysheep_generic_room_16, uniq_robin
D:3:      layout_loops_ring, nicolae_half_adder
D:4:      layout_gridville, mainiacjoe_overflow_paths,
          minmay_temple_entry_junction_2, serial_shops, shop,
          ebering_ghost_disaster_area
D:6:      corexii_shack_village, layout_gridville, kennysheep_mini,
          elyvilon_altar_3, minmay_misc_feat_tower, uniq_duvessa,
          uniq_blork_the_orc
D:7:      layout_basic, grunt_ministairs_10, serial_bayou_lake_a, uniq_pikel

Skill      XL: |  1  2  3  4  5  6  7 |
---------------+----------------------+-----
Armour         | 4 5 |  5.0
Axes           | 4 |  4.4
Fighting       | 4 |  4.7
Shields        | 5 |  5.2
Dodging        | |  0.8

Action                     |  1- 3 |  4- 6 |  7- 9 || total
---------------------------+-------+-------+-------++-------
  Melee: War axe           |    98 |   166 |    10 ||   274
Ability: Dig               |       |       |     3 ||     3
    Use: Potion            |       |    13 |     1 ||    14
         Scroll            |       |     3 |       ||     3
 Armour: Scale mail        |     9 |       |       ||     9
         Chain mail        |    72 |    84 |     6 ||   162
         Skin              |       |    18 |       ||    18
  Dodge: Dodged            |    56 |    61 |     4 ||   121
  Block: Buckler           |    34 |    41 |     1 ||    76
